 Dungeon Sprint DCSS version 0.15-a0-123-geffbfde (webtiles) character file.

701 Qrupt the Spear-Bearer (level 7, -5/52 HPs)
             Began as a Formicid Fighter on Apr 11, 2014.
             Was an Initiate of Fedhas.
             Slain by a slime creature (15 damage)
             ... in the Dungeon (Sprint I: "Red Sonja").
             The game lasted 00:05:10 (909 turns).

Qrupt the Spear-Bearer (Formicid Fighter)            Turns: 909, Time: 00:05:11

HP  -5/52        AC  6     Str 22      XL: 7   Next:  1%
MP   9/9         EV  6     Int  7      God: Fedhas [......]
Gold 335         SH 17     Dex 11      Spells:  0 memorised,  6 levels left

rFire  . . .     SeeInvis +     a - +0 trident
rCold  . . .     Clarity  .     b - +0 scale mail
rNeg   . . .     Conserve .     c - -1 shield
rPois  .         rCorr    .     (helmet unavailable)
rElec  .         rRot     .     (no cloak)
SustAb . .       Spirit   .     (no gloves)
rMut   .         Warding  .     (no boots)
Saprov . . .     Stasis   +     (no amulet)
MR     .....                    (no ring)
                                (no ring)

@: heavily drained, not resistant to hostile enchantments, extremely unstealthy
A: permanent stasis, dig shafts and tunnels, four strong arms, antennae 3
a: Dig, Renounce Religion


You were in the Dungeon.
You worshipped Fedhas.
Fedhas was noncommittal.
You were not hungry.

You visited 1 branch You collected 413 gold pieces.
You spent 78 gold pieces at shops.

Inventory:

Hand weapons
 a - a +0,+0 trident (weapon)
 k - a +0,-3 scythe
Missiles
 f - 5 curare-tipped needles
 g - 21 stones (quivered)
Armour
 b - a +0 scale mail (worn)
 c - a -1 shield (worn)
Magical devices
 h - a wand of random effects (0)
Comestibles
 d - a bread ration
Potions
 e - a potion of might
 i - 2 potions of magic


   Skills:
 - Level 3.2(1.9) Fighting
 + Level 13.4(11.8) Polearms
 - Level 3.2(1.9) Armour
 - Level 3.6(2.3) Shields


You had 6 spell levels left.
You didn't know any spells.

Dungeon Overview and Level Annotations

Branches:
Dungeon (1/1)

Altars:
Ashenzari
Dithmenos
Elyvilon
Fedhas
Kikubaaqudgha
Xom
Yredelemnul
The Shining One

Shops:
D ?


Innate Abilities, Weirdness & Mutations

Your are under a permanent stasis effect.
You can dig through walls and to a lower floor.
Your four strong arms can wield two-handed weapons with a shield.
You have a pair of large antennae on your head (SInv).


Message History

You hit the slime creature.
The slime creature is heavily wounded.
The slime creature hits you!
* * * LOW HITPOINT WARNING * * *
You hit the slime creature.
The slime creature is severely wounded.
The slime creature hits you but does no damage.
You puncture the slime creature!
The slime creature is severely wounded.
You block the slime creature's attack.
You hit the slime creature.
The slime creature is severely wounded.
You hit the slime creature.
The slime creature is almost dead.
The slime creature hits you but does no damage.
You puncture the slime creature!
The slime creature is almost dead.
The slime creature hits you!
You die...
Fedhas appreciates your contribution to the ecosystem.

################ ##
#<.#..)..#..'..#__#
#..)..#..'[.#.@J^.+
#..#####'#####'#__#
#..####..#...#.# ##
#..#_.####..##(# {
#..#.....##'#..+
#⌠⌠#_.∩...'..._# {
####.....##_.#'#
#_._._###'#.#
#########.###


You could see a slime creature.

Vanquished Creatures
  An elephant slug (D)
  An ogre (D)
  Sigmund (D)
  A jelly (D)
  Ijyb (D)
5 creatures vanquished.

Vanquished Creatures (others)
  Sonja (D)
1 creature vanquished.

Grand Total: 6 creatures vanquished

Notes
Turn   | Place    | Note
--------------------------------------------------------------
     0 | D        | Qrupt, the Formicid Fighter, began the quest for the Orb.
     0 | D        | Reached XP level 1. HP: 18/18 MP: 1/1
     2 | D        | Noticed Ijyb
    61 | D        | Killed Ijyb
    61 | D        | Reached skill level 5 in Polearms
    61 | D        | Reached XP level 2. HP: 16/24 MP: 3/3
   161 | D        | Noticed an ogre
   170 | D        | Killed an ogre
   170 | D        | Reached skill level 9 in Polearms
   170 | D        | Reached XP level 3. HP: 29/29 MP: 4/4
   170 | D        | Reached XP level 4. HP: 35/35 MP: 5/5
   170 | D        | Reached XP level 5. HP: 41/41 MP: 7/7
   180 | D        | Noticed Sigmund
   191 | D        | Killed Sigmund
   191 | D        | Reached skill level 11 in Polearms
   312 | D        | Found a shimmering altar of Xom.
   313 | D        | Noticed a jelly
   314 | D        | Found a shattered altar of Ashenzari.
   318 | D        | Killed a jelly
   318 | D        | Reached XP level 6. HP: 35/47 MP: 8/8
   400 | D        | Found Facsiog's Magic Scroll Emporium.
   400 | D        | Found a shimmering altar of Xom.
   400 | D        | Found a blossoming altar of Fedhas.
   400 | D        | Found a shimmering altar of Xom.
   400 | D        | Found a shimmering altar of Xom.
   400 | D        | Noticed an elephant slug
   451 | D        | Killed an elephant slug
   451 | D        | Reached skill level 13 in Polearms
   489 | D        | Found a glowing golden altar of the Shining One.
   493 | D        | Bought a scroll of remove curse for 36 gold pieces
   493 | D        | Bought a scroll of fear for 42 gold pieces
   506 | D        | Became a worshipper of Fedhas Madash
   516 | D        | Noticed Sonja
   527 | D        | HP: 2/47 [Sonja/uncursed dagger of draining (7)]
   540 | D        | Killed Sonja
   540 | D        | Reached XP level 7. HP: 13/52 MP: 9/9
   896 | D        | Found a basalt altar of Yredelemnul.
   896 | D        | Found a shadowy altar of Dithmenos.
   896 | D        | Found a white marble altar of Elyvilon.
   896 | D        | Found an ancient bone altar of Kikubaaqudgha.
   896 | D        | Noticed a slime creature
   909 | D        | Slain by a slime creature

Action                   |  1- 3 |  4- 6 |  7- 9 || total
-------------------------+-------+-------+-------++-------
Melee: Trident           |    66 |    20 |    13 ||    99
       Scythe            |       |    25 |       ||    25
Evoke: Wand              |     2 |     5 |       ||     7
  Use: Scroll            |       |     2 |       ||     2
       Potion            |       |     2 |       ||     2
 Stab: Fleeing           |       |     1 |       ||     1
